 Dungeon Crawl Stone Soup version 0.22-a0-617-g6d95e9e (webtiles) character file.

200 Hebeh the Magician (level 5, -4/28 HPs)
             Began as a Deep Elf Fire Elementalist on July 12, 2018.
             Killed from afar by an orc wizard (11 damage)
             ... with a puff of flame
             ... on level 3 of the Dungeon.
             The game lasted 00:11:30 (2553 turns).

Hebeh the Magician (Deep Elf Fire Elementalist)     Turns: 2553, Time: 00:11:30

Health: -4/28      AC:  2    Str:  6    XL:     5   Next: 48%
Magic:  1/13       EV: 13    Int: 20    God:
Gold:   84         SH:  0    Dex: 15    Spells: 7/13 levels left

rFire    . . .     SeeInvis .   a - +1 dagger (speed)
rCold    . . .     Gourm    .   (no shield)
rNeg     . . .     Faith    .   o - +0 robe
rPois    .         Spirit   .   (no helmet)
rElec    .         Reflect  .   (no cloak)
rCorr    .         Harm     .   (no gloves)
MR       .....                  (no boots)
Stlth    ++........             (no amulet)
HPRegen  0.09/turn              (no ring)
MPRegen  0.13/turn              (no ring)

@: very slightly contaminated
A: no striking features
a: no special abilities


You were on level 3 of the Dungeon.
You were not hungry.

You visited 1 branch of the dungeon, and saw 3 of its levels.

You collected 84 gold pieces.

Inventory:

Hand Weapons
 a - a +1 dagger of speed (weapon)
 b - a +0 hunting sling
Missiles
 g - 22 arrows
 l - 28 stones
 m - 18 sling bullets
 r - 5 javelins of penetration (quivered)
 t - 2 tomahawks
Armour
 o - a +0 robe (worn)
Scrolls
 f - 3 scrolls of enchant armour {unknown}
 h - 2 scrolls of identify {unknown}
 i - 3 scrolls of teleportation {unknown}
 n - a scroll of immolation {unknown}
 s - a scroll of fog {unknown}
Potions
 e - a potion of flight {unknown}
 j - a potion of lignification {unknown}
 k - a potion of brilliance {unknown}
 p - a potion of cancellation {unknown}
 q - 2 potions of mutation {unknown}
Comestibles
 c - 3 rations
 d - 10 chunks of flesh


   Skills:
 - Level 2.4 Dodging
 - Level 2.4 Stealth
 + Level 4.6 Spellcasting
 * Level 4.3 Conjurations
 + Level 4.4 Fire Magic


You had 7 spell levels left.
You knew the following spells:

 Your Spells              Type           Power        Failure   Level  Hunger
a - Flame Tongue          Conj/Fire      ###..        1%          1    None
b - Throw Flame           Conj/Fire      ###...       3%          2    #......
c - Conjure Flame         Conj/Fire      ###.....     6%          3    ##.....

Your spell library contained the following spells:

 Spells                   Type           Power        Failure   Level  Hunger
 Fireball                 Conj/Fire      ###.......   50%         5    ######.
 Sticky Flame             Conj/Fire      ###.....     21%         4    ####...
 Inner Flame              Hex/Fire       ##......     14%         3    ##.....


Dungeon Overview and Level Annotations

Branches:
Dungeon (3/15)

Altars:
Xom


Message History

The sling bullet closely misses the orc wizard.
The orc wizard hits you with a dagger. The orc hits you with a flail!
You are too injured to fight recklessly!
You are too injured to fight recklessly!
You are too injured to fight recklessly!
You are too injured to fight recklessly!
Your hands tingle!
a - a +1 dagger of speed (weapon)
The orc wizard misses you.
You hit the orc wizard but do no damage.
The orc barely misses you.
You hit the orc wizard but do no damage.
The orc wizard casts a spell.
The orc wizard seems to speed up.
The orc hits you with a flail.
* * * LOW HITPOINT WARNING * * *
You hit the orc wizard.
The orc wizard is moderately wounded.
The orc wizard points at you and mumbles some strange words.
The puff of flame hits you!
You die...

#....).####
#.........#
##+###....#
######+###....#
........##....#
#.....##....#
#...........#
#####......##
#@.....#
.=...ooo........
#######....####.#
.(..... #
#######... ... ..


You could see an orc wizard and 2 orcs.

Vanquished Creatures
  An ogre (D:2)
  2 adders (D:2)
  An ooze (D:2)
  2 worms (D:3)
  3 dart slugs
  4 orcs (D:3)
  10 bats
  4 giant cockroaches
  8 goblins
  6 hobgoblins
  9 jackals
  2 ball pythons
  2 frilled lizards
  7 kobolds
  8 rats
69 creatures vanquished.

Notes
Turn   | Place    | Note
-------+----------+-------------------------------------------
     0 | D:1      | Hebeh the Deep Elf Fire Elementalist began the quest for the Orb.
     0 | D:1      | Reached XP level 1. HP: 10/10 MP: 6/6
   193 | D:1      | Reached XP level 2. HP: 10/15 MP: 2/8
   861 | D:1      | Learned a level 2 spell: Throw Flame
   896 | D:2      | Reached XP level 3. HP: 19/19 MP: 7/10
  1121 | D:2      | Noticed an ogre
  1318 | D:2      | Killed an ogre
  1318 | D:2      | Reached XP level 4. HP: 24/24 MP: 1/12
  1440 | D:2      | Reached XP level 5. HP: 28/28 MP: 11/13
  1951 | D:2      | Learned a level 3 spell: Conjure Flame
  2192 | D:3      | Found a shimmering altar of Xom.
  2553 | D:3      | Killed from afar by an orc wizard

Vault maps used:
D:1:      minmay_arrival_widening_spiral_wide
D:3:      xom_teletrap_fun, grunt_ministairs_1, uniq_ijyb

Skill      XL: |  1  2  3  4  5 |
---------------+----------------+-----
Conjurations   | 2 3 4 |  4.3
Spellcasting   | 4 |  4.6
Fire Magic     | 4 |  4.4
Dodging        | |  2.4
Stealth        | |  2.4

Action                   |  1- 3 |  4- 6 || total
-------------------------+-------+-------++-------
Melee: Dagger            |     4 |     3 ||     7
 Fire: Hunting sling     |       |    27 ||    27
Throw: Stone             |    37 |     3 ||    40
 Cast: Flame Tongue      |    58 |    54 ||   112
       Throw Flame       |     3 |       ||     3
       Conjure Flame     |       |     1 ||     1
  Eat: Chunk             |     1 |     4 ||     5
Armor: Robe              |     3 |     1 ||     4
Dodge: Dodged            |    12 |    17 ||    29

Table legend:
 A = Spawn XP
 B = Non-spawn XP
 C = Spawn XP percentage of total XP
 D = Spawn monster count
 E = Non-spawn monster count
 F = Spawn count percentage of total count
 G = Total turns spent on level
                    A         B        C        D         E        F      G
               +---------+---------+-------+---------+---------+-------+---------
         Total |       0 |     286 |   0.0 |       0 |      69 |   0.0 |  2553
               +---------+---------+-------+---------+---------+-------+---------
           D:1 |       0 |      40 |   0.0 |       0 |      22 |   0.0 |   889
           D:2 |       0 |     208 |   0.0 |       0 |      31 |   0.0 |  1075
           D:3 |       0 |      38 |   0.0 |       0 |      16 |   0.0 |   589
               +---------+---------+-------+---------+---------+-------+---------
